 Dungeon Crawl Stone Soup version bcrawl-1.18.1 (webtiles) character file.

Game seed: 17144220256827445293

5494 Morbidden the Slasher (level 10, -5/77 HPs)
             Began as a Demonspawn Gladiator on Nov 8, 2019.
             Was an Elder of Cheibriados.
             Killed from afar by a gargoyle (22 damage)
             ... with a stone arrow
             ... on level 8 of the Dungeon.
             The game lasted 00:15:22 (7909 turns).

Morbidden the Slasher (Demonspawn Gladiator)        Turns: 7909, Time: 00:15:23

Health: -5/77      AC:  9    Str: 24    XL:     10   Next: 42%
Magic:  18/18      EV: 16    Int: 22    God:    Cheibriados [****..]
Gold:   385        SH:  8    Dex: 26    Spells: 17/20 levels left

rFire    + . .     SeeInvis +   a - +1 long sword
rCold    + . .     Gourm    .   (no shield)
rNeg     . . .     Faith    .   h - +2 ring mail {rF+}
rPois    .         Spirit   .   (helmet unavailable)
rElec    .         Reflect  .   (no cloak)
rCorr    .         Harm     .   (no gloves)
MR       .....                  v - +0 pair of boots
Stlth    ++........             (no amulet)
HPRegen  0.22/turn              p - +1 ring of evasion
MPRegen  0.16/turn              n - ring of see invisible

@: about to teleport, very slow
A: hooves 1, horns 3, large bone plates 1, cold resistance 1, powered by pain 1,
screaming 1, spiny 1
a: Bend Time, Temporal Distortion, Slouch, Renounce Religion


You were on level 8 of the Dungeon.
You worshipped Cheibriados.
Cheibriados was greatly pleased with you.
You were not hungry.

You visited 2 branches of the dungeon, and saw 9 of its levels.

You collected 735 gold pieces.
You spent 350 gold pieces at shops.

Inventory:

Hand Weapons
 a - a +1 long sword (weapon)
Missiles
 d - 2 throwing nets (quivered) {!f}
Armour
 h - a +2 ring mail of fire resistance (worn)
 v - a +0 pair of boots (worn)
Jewellery
 n - a ring of see invisible (right hand)
 p - a +1 ring of evasion (left hand)
 x - an uncursed ring of resist corrosion
Wands
 q - a wand of enslavement (2)
 y - a wand of paralysis (12)
 z - a wand of iceblast (6)
Scrolls
 c - a scroll of identify
 e - a scroll of amnesia
 k - 6 scrolls of teleportation
 l - 2 scrolls of magic mapping
 m - a scroll of fog {unknown}
 o - a scroll of fear {unknown}
 r - a scroll of noise {unknown}
 u - a scroll of enchant armour {unknown}
 w - a scroll of blinking
 A - a scroll of vulnerability {unknown}
 B - a scroll of torment {unknown}
Potions
 b - 2 potions of mutation
 g - a potion of heal wounds
 t - a potion of magic {unknown}
Comestibles
 f - 15 rations {!d}


   Skills:
 * Level 6.9 Fighting
 + Level 7.6 Long Blades
 - Level 1.8 Throwing
 + Level 4.9 Armour
 + Level 4.9 Dodging
 + Level 2.2 Stealth
 * Level 1.6 Unarmed Combat
 * Level 5.5 Spellcasting
 * Level 1.6 Transmutations
 - Level 3.1 Poison Magic
 * Level 5.7 Invocations
 + Level 0.4 Evocations


You had 17 spell levels left.
You knew the following spells:

 Your Spells              Type           Power        Failure   Level  Hunger
a - Spider Form           Tmut/Pois      ###          16%         3    ##.....

Your spell library contained the following spells:

 Spells                   Type           Power        Failure   Level  Hunger
 Beastly Appendage        Tmut           ##....       8%          1    None
 Sticks to Snakes         Tmut           ##......     11%         2    None
 Ice Form                 Ice/Tmut       #.......     71%         4    ####...
 Blade Hands              Tmut           ##........   90%         5    #####..


Dungeon Overview and Level Annotations

Branches:
Dungeon (8/12)             Temple (1/1) D:4
   Lair: D:7-9          Orc: D:8-11

Altars:
Ashenzari
Cheibriados
Dithmenos
Elyvilon
Fedhas
Gozag
Hepliaklqana
Kikubaaqudgha
Lugonu
Makhleb
Nemelex Xobeh
Okawaru
Qazlal
Ru
Sif Muna
Trog
Uskayaw
Vehumet
Wu Jian
Yredelemnul
Zin
The Shining One

Shops:
D:7 =:?!

Annotations:
D:6 , 2 transporters, Morbidden's ghost, novice DjCj
D:8 1 runed door


Innate Abilities, Weirdness & Mutations

You have a pair of large horns on your head.
You are partially covered in large bone plates. (SH +4)
You sometimes gain a little power by taking damage.
You are partially covered in sharp spines.
You have large cloven feet.
Your flesh is cold resistant. (rC+)
You occasionally shout uncontrollably at your foes.


Message History

You hit the fire crab but do no damage. Your headbutt misses the fire crab.
The fire crab bites you!
You are engulfed in flames.
You resist. The fire crab claws you.
You are engulfed in flames.
You resist.
Unknown command.
The gargoyle hurls a stone arrow at you.
The stone arrow misses you. The orc warrior barely misses you.
Unknown command.
Unknown command.
Unknown command.
Unknown command.
Unknown command.
Unknown command.
As you read the scroll of teleportation, it crumbles to dust.
You feel strangely unstable. The fire crab misses you. The fire crab claws you.
* * * LOW HITPOINT WARNING * * *
You are engulfed in flames.
You resist.
* * * LOW HITPOINT WARNING * * *
The gargoyle hurls a stone arrow at you.
The stone arrow hits you!
You die...

#.#..............># #>..........
.#.#............######...........
#.#..#########...................
.#.#.. .<.|..'...................
#.#..# #######...................
.#.#. #................... #.#
#..........######### +...t......#
#..@9oW....# ######.##### #.##
#..# ........# ###8....#
Wt?'t...# (o#8....# + ####.##


You could see a fire crab, an orc warrior, a gargoyle and a shadow.

Vanquished Creatures
  A centaur warrior (D:7)
  Prince Ribbit (D:6)
  A hippogriff (D:7)
  A wraith (D:7)
  8 yaks
  A hungry ghost (D:7)
  A soldier ant (D:6)
  3 water moccasins
  2 ice beasts
  A sky beast (D:4)
  A black bear (D:7)
  6 phantoms
  An ogre (D:7)
  2 centaurs
  2 bullfrogs
  2 wyvern zombies
  A scorpion (D:5)
  A howler monkey (D:4)
  5 crimson imps
  2 hounds
  An orc priest (D:5)
  3 jellies
  Crazy Yiuf (D:6)
  A bullfrog skeleton (D:3)
  2 orc wizards (D:5)
  Jessica (D:2)
  A gnoll shaman (D:4)
  2 hell rats (D:7)
  10 worker ants
  A hound skeleton (D:6)
  Robin (D:2)
  6 adders
  6 gnolls (D:4)
  9 river rats (D:7)
  An adder skeleton (D:4)
  6 worms
  2 dart slugs
  7 leopard geckos
  9 orcs
  4 giant cockroaches
  8 goblins
  7 hobgoblins
  7 jackals
  9 quokkas
  A ball python (D:1)
  2 bats
  2 frilled lizards (D:1)
  7 kobolds
  18 rats
178 creatures vanquished.

Notes
Turn   | Place    | Note
-------+----------+-------------------------------------------
     0 | D:1      | Morbidden the Demonspawn Gladiator began the quest for the
                  | Orb.
     0 | D:1      | Reached XP level 1. HP: 16/16 MP: 1/1
     7 | D:1      | Noticed an electric eel
   353 | D:1      | Reached skill level 3 in Long Blades
   353 | D:1      | Gained mutation: You have a pair of small horns on your
                  | head. [demonic ancestry]
   353 | D:1      | Reached XP level 2. HP: 10/22 MP: 2/2
  1295 | D:2      | Found a sparkling altar of Nemelex Xobeh.
  1360 | D:2      | Reached XP level 3. HP: 28/28 MP: 3/3
  1368 | D:2      | Noticed Jessica
  1381 | D:2      | Killed Jessica
  1508 | D:2      | Found a white marble altar of Elyvilon.
  1959 | D:2      | Noticed Robin
  1970 | D:2      | Gained mutation: You have large cloven feet. [potion of
                  | mutation]
  1970 | D:2      | Gained mutation: You occasionally shout uncontrollably at
                  | your foes. [potion of mutation]
  1970 | D:2      | Gained mutation: Your flesh is cold resistant. (rC+)
                  | [potion of mutation]
  1974 | D:2      | Killed Robin
  1974 | D:2      | Gained mutation: You are partially covered in sharp spines.
                  | [demonic ancestry]
  1974 | D:2      | Reached XP level 4. HP: 12/34 MP: 4/4
  2268 | D:3      | Found a burning altar of Makhleb.
  2270 | D:3      | Found a glowing silver altar of Zin.
  2302 | D:3      | Reached skill level 4 in Long Blades
  2302 | D:3      | Reached skill level 1 in Armour
  2302 | D:3      | Reached skill level 1 in Spellcasting
  2302 | D:3      | Gained mutation: You have a pair of horns on your head.
                  | [demonic ancestry]
  2302 | D:3      | Reached XP level 5. HP: 33/40 MP: 6/6
  2451 | D:3      | Found a basalt altar of Yredelemnul.
  2452 | D:3      | Found a blossoming altar of Fedhas.
  2452 | D:3      | Found a shimmering blue altar of Sif Muna.
  2470 | D:3      | Found a shadowy altar of Dithmenos.
  2574 | D:3      | Found an ornate altar of the Wu Jian Council.
  2796 | D:4      | Found a staircase to the Ecumenical Temple.
  2799 | D:4      | Noticed a phantom
  2825 | D:4      | Killed a phantom
  2825 | D:4      | Reached XP level 6. HP: 37/47 MP: 6/9
  2832 | Temple   | Entered the Ecumenical Temple
  3025 | Temple   | Became a worshipper of Cheibriados the Contemplative
  3092 | D:4      | Reached skill level 1 in Invocations
  3401 | D:4      | Found a glowing golden altar of the Shining One.
  3420 | D:4      | Reached XP level 7. HP: 11/52 MP: 10/10
  3487 | D:4      | Reached skill level 5 in Long Blades
  3767 | D:4      | Reached * piety under Cheibriados
  4149 | D:5      | Entered Level 5 of the Dungeon
  4227 | D:5      | Reached skill level 1 in Stealth
  4352 | D:5      | Gained mutation: You are partially covered in large bone
                  | plates. (SH +4) [demonic ancestry]
  4352 | D:5      | Reached XP level 8. HP: 56/61 MP: 13/13
  4665 | D:5      | Reached ** piety under Cheibriados
  4904 | D:5      | Found a hazy altar of Hepliaklqana.
  5002 | D:5      | Reached skill level 6 in Long Blades
  5358 | D:6      | Found a runed door.
  5388 | D:6      | Found an opulent altar of Gozag.
  5392 | D:6      | Noticed Prince Ribbit
  5409 | D:6      | Killed Prince Ribbit
  5409 | D:6      | Reached skill level 5 in Fighting
  5432 | D:6      | Gained mutation: You sometimes gain a little power by
                  | taking damage. [demonic ancestry]
  5432 | D:6      | Reached XP level 9. HP: 38/68 MP: 15/15
  5682 | D:6      | Noticed a queen bee
  5786 | D:6      | Found a transporter.
  5788 | D:6      | Found a transporter.
  5805 | D:6      | Noticed Morbidden's ghost (novice DjCj)
  5911 | D:6      | Noticed Crazy Yiuf
  5913 | D:6      | Killed Crazy Yiuf
  6113 | D:7      | Found Vunenaad's Magic Scroll Shop.
  6120 | D:7      | Found Tudubaw's Distillery.
  6231 | D:7      | Reached skill level 7 in Long Blades
  6242 | D:7      | Reached skill level 5 in Invocations
  6251 | D:7      | Found Riter's Book Boutique.
  6274 | D:7      | Reached *** piety under Cheibriados
  6285 | D:7      | Bought a book of Changes for 350 gold pieces
  6295 | D:7      | Learned a level 3 spell: Spider Form
  6297 | D:7      | Found Exedd's Jewellery Shop.
  6316 | D:7      | Found a hide-covered altar of Uskayaw.
  6368 | D:7      | Reached skill level 1 in Poison Magic
  6410 | D:7      | Noticed a centaur warrior
  6419 | D:7      | Killed a centaur warrior
  6419 | D:7      | Reached skill level 1 in Unarmed Combat
  6419 | D:7      | Reached skill level 1 in Transmutations
  6419 | D:7      | Gained mutation: You have a pair of large horns on your
                  | head. [demonic ancestry]
  6419 | D:7      | Reached XP level 10. HP: 24/76 MP: 17/17
  6795 | D:7      | Reached skill level 5 in Spellcasting
  6823 | D:7      | Reached **** piety under Cheibriados
  7154 | D:8      | HP: 3/77 [yak (4)]
  7898 | D:8      | Found a large runed door.
  7898 | D:8      | Noticed a fire crab
  7898 | D:8      | Noticed a gargoyle
  7909 | D:8      | Killed from afar by a gargoyle

Skill      XL: |  1  2  3  4  5  6  7  8  9 10 |
---------------+-------------------------------+-----
Long Blades    | 3 4 5 6 7 |  7.6
Dodging        | 3 4 |  4.9
Armour         | 1 2 3 4 |  4.9
Spellcasting   | 1 2 3 4 5 |  5.5
Fighting       | 3 4 5 6 |  6.9
Invocations    | 1 2 4 5 |  5.7
Stealth        | 1 2 |  2.2
Poison Magic   | 1 3 |  3.1
Unarmed Combat | 1 |  1.6
Transmutations | 1 |  1.6
Throwing       | |  1.8
Evocations     | |  0.4

Action                   |  1- 3 |  4- 6 |  7- 9 | 10-12 || total
-------------------------+-------+-------+-------+-------++-------
Melee: Long sword        |    96 |   104 |   237 |    90 ||   527
       Headbutt          |    10 |    15 |    62 |    32 ||   119
       Kick              |     1 |    24 |    20 |       ||    45
       Punch             |       |       |     1 |     1 ||     2
       Unarmed           |       |       |       |    12 ||    12
Throw: Throwing net      |     1 |       |       |       ||     1
 Cast: Spider Form       |       |       |       |     1 ||     1
 Abil: End Transformatio |       |       |       |     1 ||     1
Evoke: Wand              |       |       |     7 |       ||     7
  Use: Potion            |     2 |       |     7 |     1 ||    10
       Scroll            |       |     1 |     7 |     4 ||    12
 Stab: Held in net/web   |     1 |       |       |       ||     1
       Sleeping          |     1 |       |       |       ||     1
  Eat: Chunk             |     3 |     5 |     5 |     3 ||    16
Armor: Leather armour    |     4 |       |       |       ||     4
       Ring mail         |    31 |    26 |    58 |     7 ||   122
       Skin              |       |       |    20 |       ||    20
Dodge: Dodged            |    51 |    73 |   146 |    54 ||   324
Block: Other             |     1 |     2 |    70 |    23 ||    96
